 Dungeon Crawl Stone Soup version 0.27-b1-23-g44b8eac545 (webtiles) character file.

Game seed: 11590746675044898245

52 oldmanjim the Grasshopper (level 3, -5/31 HPs)
             Began as a Gnoll Warper on July 27, 2021.
             Killed from afar by Natasha (8 damage)
             ... with a magic dart
             ... on level 2 of the Dungeon.
             The game lasted 00:07:41 (1108 turns).

oldmanjim the Grasshopper (Gnoll Warper)            Turns: 1108, Time: 00:07:42

Health: -5/31      AC:  3    Str: 11    XL:     3   Next: 85%
Magic:  9/9        EV: 12    Int: 12    God:
Gold:   66         SH:  0    Dex: 11    Spells: 10/12 levels left

rFire    . . .     SeeInvis .   a - +0 hand axe
rCold    . . .     Faith    .   (no shield)
rNeg     . . .     Spirit   .   b - +0 leather armour
rPois    .         Reflect  .   (no helmet)
rElec    .         Harm     .   (no cloak)
rCorr    .         Rampage  .   (no gloves)
Will     .....                  (no boots)
Stlth    +.........             (no amulet)
HPRegen  0.10/turn              (no ring)
MPRegen  0.11/turn              (no ring)

@: no status effects
A: fangs 1, strong nose, distributed training
a: no special abilities


You were on level 2 of the Dungeon.
You visited 1 branch of the dungeon, and saw 2 of its levels.

You collected 66 gold pieces.

Inventory:

Hand Weapons
 a - a +0 hand axe (weapon)
 m - a +0 quarterstaff
Missiles
 d - 5 boomerangs of dispersal (quivered)
 g - 9 stones
 i - 36 arrows
Armour
 b - a +0 leather armour (worn)
 n - a +0 kite shield
Scrolls
 c - a scroll of blinking
 e - a scroll of silence {unknown}
 h - 2 scrolls of identify {unknown}
 k - a scroll of immolation
 l - a scroll of enchant armour {unknown}
Potions
 f - 2 potions of haste {unknown}
 j - a potion of resistance {unknown}


   Skills:
 + Level 4.6 Fighting
 + Level 1.0 Short Blades
 + Level 1.0 Long Blades
 + Level 4.6 Axes
 + Level 1.0 Maces & Flails
 + Level 1.0 Polearms
 + Level 1.0 Staves
 + Level 1.0 Slings
 + Level 1.0 Bows
 + Level 1.0 Crossbows
 + Level 2.6 Throwing
 + Level 2.6 Armour
 + Level 4.6 Dodging
 + Level 1.0 Stealth
 + Level 1.0 Shields
 + Level 1.0 Unarmed Combat
 + Level 5.0 Spellcasting
 + Level 0.7 Conjurations
 + Level 0.7 Hexes
 + Level 0.7 Summonings
 + Level 0.7 Necromancy
 + Level 5.4 Translocations
 + Level 0.7 Transmutations
 + Level 0.7 Fire Magic
 + Level 0.7 Ice Magic
 + Level 0.7 Air Magic
 + Level 0.7 Earth Magic
 + Level 0.7 Poison Magic
 + Level 1.0 Invocations
 + Level 1.0 Evocations


You had 10 spell levels left.
You knew the following spells:

 Your Spells              Type           Power      Damage    Failure   Level
a - Blink                 Tloc           N/A        N/A       4%          2

Your spell library contained the following spells:

 Spells                   Type           Power      Damage    Failure   Level
 Gell's Gravitas          Tloc           8%         N/A       9%          3
 Lesser Beckoning         Tloc           8%         N/A       9%          3
 Teleport Other           Tloc           16%        N/A       9%          3
 Manifold Assault         Tloc           16%        N/A       61%         5


Dungeon Overview and Level Annotations

Branches:
Dungeon (2/15)

Altars:

Annotations:
D:2 Natasha


Innate Abilities, Weirdness & Mutations

You have very sharp teeth.
Your uncanny sense of smell can sniff out nearby items.
Your experience applies equally to all skills.


Message History

You miss Natasha. Your bite misses Natasha.
Natasha is almost dead.
Natasha casts a spell at you.
You feel yourself slow down.
You closely miss Natasha.
Natasha is almost dead.
Natasha barely misses you.
You barely miss Natasha.
Natasha is almost dead.
Natasha casts a spell.
Natasha stares at you and mumbles some strange words.
The magic dart hits you.
* * * LOW HITPOINT WARNING * * *
You hit Natasha.
You kill Natasha!
Natasha screams in fury as she dies!
The shadow imp disappears in a puff of smoke!
Your Short Blades skill increases to level 1!
Your Long Blades skill increases to level 1!
Your Maces & Flails skill increases to level 1!
Your Polearms skill increases to level 1!
Your Staves skill increases to level 1!
Your Slings skill increases to level 1!
Your Bows skill increases to level 1!
Your Crossbows skill increases to level 1!
Your Stealth skill increases to level 1!
Your Shields skill increases to level 1!
Your Unarmed Combat skill increases to level 1!
Your Invocations skill increases to level 1!
Your Evocations skill increases to level 1!
Natasha, Servant of Life and Death comes into view.
Natasha hisses angrily.
Natasha casts a spell at you. The magic dart hits you!
* * * LOW HITPOINT WARNING * * *
You feel yourself speed up.
Natasha wildly gestures.
You feel disoriented.
Natasha stares at you and mumbles some strange words.
The magic dart hits you!
You die...

.#####...## #...# #.#
..........#######...###.#
#######.......##.....##.#
##..###.........†.# #..#
####.....#### #..#
##...## #######..# ##.##
.........##### #.#
#######..@...####.#
######..###h.....# #.#
#........h...##### #.#
#.####..###..# #.# #.#
#..# #..# #.# #.#
#..###..# #.# #.#
#....#..# #.# #.#
#.##.#..#
####.####.####.##.#..#


You could see Natasha.

Vanquished Creatures
  Natasha (D:2)
  A dart slug (D:2)
  5 bats
  4 endoplasms (D:1)
  A goblin (D:1)
  2 hobgoblins (D:1)
  3 ball pythons
  4 frilled lizards
  4 kobolds (D:1)
  2 rats (D:1)
27 creatures vanquished.

Notes
Turn   | Place    | Note
-------+----------+-------------------------------------------
     0 | D:1      | oldmanjim the Gnoll Warper began the quest for the Orb.
     0 | D:1      | Reached XP level 1. HP: 20/20 MP: 6/6
   185 | D:1      | Reached XP level 2. HP: 23/26 MP: 7/7
   697 | D:1      | Found a faded altar of an unknown god.
   815 | D:1      | Learned a level 2 spell: Blink
   909 | D:2      | Reached skill level 5 in Spellcasting
   909 | D:2      | Reached XP level 3. HP: 25/31 MP: 7/9
  1057 | D:2      | Noticed Natasha
  1074 | D:2      | Killed Natasha
  1075 | D:2      | Reached skill level 1 in Short Blades
  1075 | D:2      | Reached skill level 1 in Long Blades
  1075 | D:2      | Reached skill level 1 in Maces & Flails
  1075 | D:2      | Reached skill level 1 in Polearms
  1075 | D:2      | Reached skill level 1 in Staves
  1075 | D:2      | Reached skill level 1 in Slings
  1075 | D:2      | Reached skill level 1 in Bows
  1075 | D:2      | Reached skill level 1 in Crossbows
  1075 | D:2      | Reached skill level 1 in Stealth
  1075 | D:2      | Reached skill level 1 in Shields
  1075 | D:2      | Reached skill level 1 in Unarmed Combat
  1075 | D:2      | Reached skill level 1 in Invocations
  1075 | D:2      | Reached skill level 1 in Evocations
  1087 | D:2      | Noticed Natasha
  1087 | D:2      | HP: 1/31 [Natasha/magic dart (9)]
  1108 | D:2      | Killed from afar by Natasha

Illustrated notes

Levels and vault maps discovered:
D:1:      dpeg_arrival_line_fractal, layout_rooms,
          hellmonk_ecumenical_altar_blasted, amcnicky_mini_corridor_feature,
          st_stairs_9
D:2:      layout_loops_ring, uniq_natasha

Skill      XL: |  1  2  3 |
---------------+----------+-----
Spellcasting   | 5 |  5.0
Short Blades   | 1 |  1.0
Long Blades    | 1 |  1.0
Maces & Flails | 1 |  1.0
Polearms       | 1 |  1.0
Staves         | 1 |  1.0
Slings         | 1 |  1.0
Bows           | 1 |  1.0
Crossbows      | 1 |  1.0
Stealth        | 1 |  1.0
Shields        | 1 |  1.0
Unarmed Combat | 1 |  1.0
Invocations    | 1 |  1.0
Evocations     | 1 |  1.0
Fighting       | |  4.6
Axes           | |  4.6
Throwing       | |  2.6
Armour         | |  2.6
Dodging        | |  4.6
Conjurations   | |  0.7
Hexes          | |  0.7
Summonings     | |  0.7
Necromancy     | |  0.7
Translocations | |  5.4
Transmutations | |  0.7
Fire Magic     | |  0.7
Ice Magic      | |  0.7
Air Magic      | |  0.7
Earth Magic    | |  0.7
Poison Magic   | |  0.7

Action                   || total
-------------------------++-------
Melee: Hand axe          ||    88
       Bite              ||     5
Armor: Leather armour    ||    29
Dodge: Dodged            ||    65
